 Dungeon Crawl Stone Soup version 0.31-b1-20-g67cafac56d (webtiles) character file.

Game seed: 4928903700748829581

113 Shadowshaper the Ducker (level 4, -1/24 HPs)
             Began as a Felid Berserker on Jan 17, 2024.
             Was a Believer of Trog.
             Frozen to death by an endoplasm (3 damage)
             ... on level 4 of the Dungeon.
             The game lasted 00:04:20 (3007 turns).

Shadowshaper the Ducker (Felid Berserker)           Turns: 3007, Time: 00:04:22

Health: -1/24      AC:  1    Str: 13    XL:     4   Next: 65%
Magic:  5/5        EV: 19    Int: 11    God:    Trog [**....]
Gold:   164        SH:  0    Dex: 17    Spells: 3/3 levels left
                                        Lives:  0   Deaths: 2

rFire   . .          .
                       - Unarmed
rCold   . . .        (shield unavailable)
rNeg    . . .        (body armour unavailable)
rPois   .            (helmet unavailable)
rElec   .            (cloak unavailable)
rCorr   .            (gloves unavailable)
SInv    +            (boots unavailable)
Will    .....        (no amulet)
Stlth   ++           (no ring)
HPRegen 0.24/turn    (no ring)
MPRegen 0.09/turn

%: no passive effects
@: lethally poisoned (-1 -> -3)
A: very small, claws 1, fangs 3, see invisible, shaggy fur 1, stealthy paws, no
weapons or thrown items, no armour, multi-lived
a: Renounce Religion, Berserk, Trog's Hand


You were on level 4 of the Dungeon.
You worshipped Trog.
Trog was pleased with you.
You visited 1 branch of the dungeon, and saw 4 of its levels.

You collected 164 gold pieces.

Inventory:

Scrolls
 d - 3 scrolls of teleportation
Potions
 a - a potion of haste {unknown}
 b - a potion of ambrosia {unknown}
 c - a potion of curing {unknown}


   Skills:
 + Level 3.5 Fighting
 + Level 5.0 Dodging
 + Level 1.8 Stealth
 + Level 4.3 Unarmed Combat


You had 3 spell levels left.
You didn't know any spells.
Your spell library was empty.

Dungeon Overview and Level Annotations

Branches:
Dungeon (4/15)
 Temple: D:4-7

Altars:

Shops:
D:3 *

Portals:
Abyss: D:3

Annotations:
D:3 2 transporters, hawla's ghost, amateur FeSh
D:4 Dowan; Duvessa


Innate Abilities, Weirdness & Mutations

You have sharp claws.
You have razor-sharp teeth.
You have supernaturally acute eyesight. (SInv)
You are covered in fur. (AC +1)
Your paws help you pounce on unaware monsters.
You are incapable of wielding weapons or throwing items.
You cannot wear armour.
You gain extra lives every three experience levels.


Message History

The endoplasm barely misses you. The adder misses you.
The jackal completely misses you.
You feel sick. The jackal misses you.
The endoplasm attacks as it pursues you!
The endoplasm closely misses you. The jackal misses you.
The adder closely misses you.
You feel sick.
The endoplasm attacks as it pursues you!
The endoplasm barely misses you.
You feel sick. The adder attacks as it pursues you! The adder misses you.
You feel sick.
An adder comes into view.
The endoplasm freezes you.
You are frozen.
You feel sick. The adder attacks as it pursues you! The adder misses you.
The adder bites you.
You are more poisoned.
The adder poisons you!
* * * LOW HITPOINT WARNING * * *
You feel sick. The adder attacks as it pursues you!
The adder closely misses you.
You claw the adder!
You kill the adder!
Trog accepts your kill.
* * * LOW HITPOINT WARNING * * *
You feel sick.
* * * LOW HITPOINT WARNING * * *
You feel sick. The endoplasm freezes you.
You are frozen.
* * * LOW HITPOINT WARNING * * *
You see here an adder corpse.
You scratch the endoplasm but do no damage.
You bite the endoplasm.
The endoplasm is heavily wounded.
* * * LOW HITPOINT WARNING * * *
You feel sick. The endoplasm freezes you.
You are frozen.
You die...

### ...## .....# ####
......# #####..##########
.......###....#...........
......hhJ@.######.........
.....#hg##### ##.)(.....
.>. #..#h..## #........ .
#.......# #........
#.......# ##.......
#.?......# #.......
.......... #.......
...S^...... ##......
....?....... #......


You could see an endoplasm, 3 jackals and a hobgoblin.

Vanquished Creatures
  A sleepcap (D:4)
  2 adders
  A dart slug (D:1)
  A ribbon worm (D:3)
  6 orcs (D:4)
  4 ball pythons
  5 bats
  5 endoplasms
  2 giant cockroaches
  6 goblins (D:1)
  3 hobgoblins
  3 kobolds
  2 quokkas
  13 frilled lizards
  3 rats
57 creatures vanquished.

Notes
Turn   | Place    | Note
-------+----------+-------------------------------------------
     0 | D:1      | Shadowshaper the Felid Berserker began the quest for the
                  | Orb.
     0 | D:1      | Reached XP level 1. HP: 12/12 MP: 2/2
     0 | D:1      | Noticed a large abomination
     1 | D:1      | Noticed a large abomination
     1 | D:1      | Noticed a large abomination
     3 | D:1      | Noticed a large abomination
     5 | D:1      | Noticed a large abomination
     6 | D:1      | Noticed a large abomination
     7 | D:1      | Noticed a large abomination
    12 | D:1      | Noticed a large abomination
    13 | D:1      | Noticed a large abomination
    15 | D:1      | Noticed a large abomination
    15 | D:1      | Noticed a large abomination
    17 | D:1      | Noticed a large abomination
    17 | D:1      | Noticed a large abomination
    17 | D:1      | Noticed a large abomination
    19 | D:1      | Noticed a large abomination
    19 | D:1      | Noticed a large abomination
    23 | D:1      | Noticed a large abomination
   209 | D:1      | Reached XP level 2. HP: 16/16 MP: 3/3
   877 | D:2      | Reached XP level 3. HP: 20/20 MP: 4/4
  1293 | D:2      | Reached ** piety under Trog
  1297 | D:2      | Reached skill level 1 in Stealth
  1552 | D:3      | Found a transporter.
  1553 | D:3      | Found a one-way gate to the infinite horrors of the Abyss.
  1553 | D:3      | Noticed hawla's ghost (amateur FeSh)
  1558 | D:3      | Noticed a small abomination
  1582 | D:3      | Noticed a kobold brigand
  1582 | D:3      | Noticed a small abomination
  1667 | D:3      | Found Juduyr Cuty's Assorted Antiques.
  2103 | D:3      | Found a transporter.
  2566 | D:4      | Reached XP level 4. HP: 12/24 MP: 5/5
  2566 | D:4      | Gained a life (2 lives remaining)
  2666 | D:4      | Noticed Duvessa
  2667 | D:4      | Noticed Dowan
  2682 | D:4      | Killed from afar by Dowan
  2682 | D:4      | Lost a life (1 life remaining)
  2881 | D:4      | Noticed an ogre
  2881 | D:4      | HP: 1/24 [Duvessa/+3 short sword (1)]
  2883 | D:4      | Mangled by Duvessa
  2883 | D:4      | Lost a life (0 lives remaining)
  2926 | D:4      | Reached skill level 5 in Dodging
  3007 | D:4      | Frozen to death by an endoplasm

Illustrated notes

Levels and vault maps discovered:
D:1:      shiori_arrival_whats_in_store_for_you, layout_basic,
          chequers_serial_rivers_marsh, chequers_serial_rivers_micro_e,
          hangedman_decor_riveting
D:2:      layout_basic, interstate_on_off, st_stairs_10
D:3:      layout_basic, gammafunk_ghost_abyssal_escape, serial_shops, shop,
          minmay_lizard_king
D:4:      layout_cave_pods, mainiacjoe_overflow_small_starburst,
          chequers_serial_rivers_small_a, minivault_25, kennysheep_small_square,
          uniq_duvessa

Skill      XL: |  1  2  3  4 |
---------------+-------------+-----
Stealth        | 1 |  1.8
Unarmed Combat | 4 |  4.3
Dodging        | 5 |  5.0
Fighting       | |  3.5

Action                     |  1- 3 |  4- 6 || total
---------------------------+-------+-------++-------
  Melee: Unarmed           |   148 |    24 ||   172
         Bite              |     9 |     4 ||    13
         Punch             |     2 |     1 ||     3
    Use: Scroll            |     5 |       ||     5
   Stab: Sleeping          |     5 |     1 ||     6
 Armour: Skin              |    38 |    13 ||    51
  Dodge: Dodged            |   177 |    32 ||   209
